Map: Vale dos Cactos ER (Void)

Players

efelinto

  • Race: Protoss Protoss
  • League: Diamond
  • Spawn Location: 11:00

gamesmenezes - Winner!

  • Race: Protoss Protoss
  • League: Diamond
  • Spawn Location: 5:00

VOD

Have the link to the VOD?

Description

Time

  • Played on: April 9, 2017, 6:43 p.m.
  • Length: 12:16
Show
View Real Time Build Order
Export as new Build Order

efelinto Protoss 

Build Orders: 1 Gate Expand 

Get SALT Encoding   

  12  0:01  Probe (Chrono Boost)  
  13  0:12  Probe (Chrono Boost)  
  14  0:18  Pylon  
  14  0:22  Probe (Chrono Boost)  
  15  0:36  Probe (Chrono Boost)  
  15  0:38  Gateway  
  16  0:47  Probe (Chrono Boost)  
  17  1:14  Nexus  
  17  1:15  Probe (Chrono Boost)  
  18  1:25  Cybernetics Core  
  19  1:34  Probe (Chrono Boost)  
  19  1:35  Assimilator  
  19  1:44  Probe (Chrono Boost)  
  20  1:51  Assimilator  
  20  2:08  Warp Gate  
  20  2:11  Probe (Chrono Boost)  
  21  2:25  Probe (Chrono Boost)  
  22  2:30  Probe (Chrono Boost)  
  23  2:39  Probe (Chrono Boost)  
  23  2:41  Probe (Chrono Boost)  
  23  2:42  Gateway x2  
  23  2:43  Gateway  
  26  2:58  Probe (Chrono Boost)  
  27  3:01  Mothership Core (Chrono Boost)  
  28  3:07  Pylon  
  28  3:08  Probe (Chrono Boost)  
  29  3:19  Probe (Chrono Boost)  
  31  3:21  Probe (Chrono Boost)  
  31  3:24  Pylon  
  31  3:30  Probe (Chrono Boost)  
  32  3:41  Probe (Chrono Boost)  
  33  3:46  Robotics Facility, Probe (Chrono Boost)  
  34  3:51  Assimilator  
  34  3:53  Probe (Chrono Boost)  
  35  3:57  Probe (Chrono Boost)  
  36  4:04  Probe (Chrono Boost)  
  36  4:07  Probe (Chrono Boost)  
  38  4:12  Sentry x3  
  38  4:13  Sentry  
  47  4:17  Probe (Chrono Boost)  
  47  4:21  Assimilator  
  47  4:30  Probe (Chrono Boost)  
  48  4:34  Observer  
  49  4:39  Zealot x2  
  49  4:45  Pylon  
  53  4:47  Pylon  
  53  4:50  Pylon  
  53  5:03  Immortal, Zealot  
  59  5:27  Stalker x2  
  59  5:28  Stalker x2  
  67  5:41  Probe (Chrono Boost)  
  67  5:42  Probe (Chrono Boost)  
  69  5:43  Immortal  
  73  5:52  Probe (Chrono Boost)  
  73  5:53  Stalker  
  73  5:54  Probe (Chrono Boost)  
  77  5:58  Pylon  
  77  6:01  Pylon  
  77  6:02  Probe (Chrono Boost)  
  78  6:17  Probe (Chrono Boost)  
  80  6:18  Probe (Chrono Boost)  
  80  6:19  Zealot x2  
  80  6:20  Zealot x2  
  80  6:23  Immortal  
  92  6:27  Probe (Chrono Boost)  
  92  6:30  Probe (Chrono Boost)  
  94  6:41  Nexus  
  94  6:44  Pylon  
  94  6:48  Pylon  
  94  7:03  Immortal, Zealot  
  94  7:04  Probe (Chrono Boost)  
  94  7:06  Zealot  
  94  7:07  Zealot x2  
  107  7:11  Gateway  
  107  7:14  Gateway  
  107  7:16  Gateway  
  107  7:28  Gateway  
  107  7:36  Zealot  
  109  7:40  Pylon  
  109  7:43  Pylon  
  109  7:44  Pylon  
  109  7:46  Pylon  
  109  7:53  Immortal  
  109  7:55  Zealot x3  
  109  7:56  Zealot  
  117  8:23  Zealot x2  
  117  8:24  Zealot x2  
  123  8:39  Zealot x4  
  123  8:41  Immortal  
  131  8:46  Pylon  
  135  8:53  Stalker  
  135  8:54  Stalker x2  
  141  8:57  Pylon  
  141  8:59  Pylon  
  141  9:04  Probe (Chrono Boost)  
  141  9:05  Probe (Chrono Boost)  
  143  9:10  Probe (Chrono Boost)  
  143  9:15  Probe (Chrono Boost), Immortal  
  146  9:18  Probe (Chrono Boost)  
  146  9:19  Zealot  
  146  9:20  Zealot x3  
  146  9:21  Probe (Chrono Boost)  
  146  9:22  Stalker  
  161  9:25  Probe (Chrono Boost)  
  161  9:29  Stargate  
  161  9:46  Twilight Council  
  148  10:15  Forge  
  148  10:16  Stalker x2  
  148  10:17  Stalker x2  
  148  10:18  Stalker  
  145  10:41  Pylon  
  145  10:43  Pylon  
  145  10:44  Pylon  
  145  10:49  Pylon  
  145  10:50  Pylon  
  145  10:52  Pylon  
  145  10:58  Observer  
  145  11:01  Void Ray  
  149  11:18  Nexus  
  149  11:20  Pylon  
  149  11:28  Photon Cannon  
  149  11:35  Photon Cannon  
  149  11:40  Photon Cannon  
  149  11:42  Photon Cannon  
  149  11:45  Zealot  
Show
View Real Time Build Order
Export as new Build Order

gamesmenezes Protoss - Winner!

Build Orders: 1 Gate Expand 

Get SALT Encoding   

  12  0:01  Probe (Chrono Boost)  
  13  0:11  Probe (Chrono Boost)  
  14  0:22  Probe (Chrono Boost)  
  14  0:23  Pylon  
  15  0:41  Probe (Chrono Boost), Gateway  
  16  0:48  Assimilator  
  16  0:52  Probe (Chrono Boost)  
  17  1:02  Probe (Chrono Boost)  
  18  1:13  Probe (Chrono Boost)  
  19  1:23  Probe (Chrono Boost)  
  20  1:34  Probe (Chrono Boost)  
  20  1:36  Nexus  
  21  1:43  Pylon  
  21  1:45  Probe (Chrono Boost)  
  22  1:55  Probe (Chrono Boost)  
  22  1:59  Cybernetics Core  
  23  2:05  Zealot  
  25  2:13  Pylon  
  25  2:17  Probe (Chrono Boost)  
  26  2:28  Probe (Chrono Boost)  
  27  2:30  Assimilator  
  27  2:39  Stalker  
  27  2:40  Warp Gate  
  27  2:41  Pylon  
  29  2:47  Mothership Core (Chrono Boost)  
  29  2:50  Probe (Chrono Boost)  
  32  3:07  Forge  
  32  3:15  Probe (Chrono Boost), Stalker  
  35  3:20  Probe (Chrono Boost)  
  36  3:27  Pylon  
  35  3:36  Probe (Chrono Boost)  
  37  3:41  Probe (Chrono Boost)  
  37  3:45  Stalker  
  37  3:46  Photon Cannon  
  39  3:53  Gateway  
  39  3:55  Gateway  
  39  4:00  Probe (Chrono Boost)  
  40  4:06  Probe (Chrono Boost)  
  41  4:15  Stalker  
  43  4:18  Probe (Chrono Boost)  
  43  4:23  Pylon, Gateway  
  44  4:28  Probe x2 (Chrono Boost)  
  46  4:40  Probe x2 (Chrono Boost)  
  48  4:54  Robotics Facility  
  48  4:55  Stalker x2  
  48  4:56  Stalker  
  54  5:12  Probe x2 (Chrono Boost)  
  56  5:24  Stalker x3  
  62  5:30  Stalker  
  64  5:39  Mothership Core (Chrono Boost)  
  64  5:46  Assimilator  
  64  5:49  Assimilator  
  64  5:51  Zealot x2  
  64  5:52  Zealot  
  64  5:53  Protoss Ground Weapons Level 1  
  70  6:01  Pylon  
  70  6:03  Pylon  
  70  6:09  Pylon  
  70  6:10  Pylon  
  70  6:19  Observer, Zealot  
  70  6:20  Zealot x2  
  70  6:21  Zealot  
  79  6:27  Probe (Chrono Boost)  
  79  6:28  Probe (Chrono Boost)  
  81  6:43  Immortal  
  81  6:46  Probe (Chrono Boost)  
  87  6:47  Nexus  
  87  6:48  Probe (Chrono Boost)  
  87  6:49  Pylon x2  
  87  6:54  Twilight Council  
  87  6:57  Probe (Chrono Boost)  
  87  6:59  Sentry x3  
  94  7:04  Probe (Chrono Boost)  
  94  7:07  Probe (Chrono Boost)  
  96  7:18  Probe x2 (Chrono Boost)  
  96  7:22  Immortal  
  102  7:28  Probe (Chrono Boost)  
  104  7:30  Probe (Chrono Boost)  
  104  7:34  Dark Shrine  
  104  7:35  Pylon  
  104  7:36  Zealot x3  
  110  7:39  Zealot  
  100  8:06  Protoss Ground Weapons Level 2  
  100  8:08  Adept  
  100  8:09  Adept x3  
  108  8:12  Resonating Glaives  
  108  8:18  Probe x2 (Chrono Boost)  
  111  8:20  Probe (Chrono Boost)  
  111  8:23  Immortal  
  108  8:35  Adept x4  
  108  8:37  Probe x2 (Chrono Boost)  
  108  8:39  Probe (Chrono Boost)  
  119  9:08  Dark Templar x3  
  119  9:09  Dark Templar  
  126  9:13  Probe x2 (Chrono Boost)  
  126  9:14  Probe (Chrono Boost)  
  129  9:27  Immortal  
  129  9:30  Probe x2 (Chrono Boost)  
  136  9:31  Probe (Chrono Boost)  
  136  9:34  Gateway  
  136  9:40  Gateway  
  136  9:42  Gateway, Adept x2  
  136  9:44  Gateway  
  140  9:46  Gateway  
  140  9:51  Pylon  
  140  9:52  Pylon  
  140  9:55  Pylon  
  140  9:57  Pylon  
  140  10:00  Pylon  
  140  10:02  Pylon  
  138  10:35  Probe x2 (Chrono Boost)  
  135  10:36  Adept x3  
  135  10:37  Probe (Chrono Boost)  
  135  10:38  Adept  
  143  11:06  Adept  
  143  11:07  Adept x6  
  143  11:08  Adept x2  
  143  11:10  Immortal  
  165  11:12  Probe x2 (Chrono Boost)  
  165  11:13  Assimilator, Probe (Chrono Boost)  
  165  11:17  Assimilator  
  168  11:34  Sentry x2  
  168  11:35  Sentry x5  
  182  11:40  Nexus  
  182  11:42  Pylon  
  182  11:44  Pylon  
Tags
 
Add a new tag
Caveats
  • Supply blocks, unpowered buildings, or Contaminate may cause inaccurate times.
  • Supply counts are checked every 10 seconds.